 Dungeon Crawl Stone Soup version 0.23.1 (webtiles) character file.

Game seed: 9476697256088828590

359 Chiseanne the Skirmisher (level 6, -1/53 HPs)
             Began as a Gnoll Wanderer on Mar 7, 2019.
             Slain by Pikel
             ... wielding a +2 whip of flaming
              (7 damage)
             ... on level 4 of the Dungeon.
             The game lasted 00:07:04 (3828 turns).

Chiseanne the Skirmisher (Gnoll Wanderer)           Turns: 3828, Time: 00:07:05

Health: -1/53      AC:  5    Str: 16    XL:     6   Next: 65%
Magic:  9/9        EV: 11    Int: 16    God:
Gold:   148        SH: 10    Dex: 15    Spells: 9/9 levels left

rFire    . . .     SeeInvis .   r - +0 spear
rCold    . . .     Gourm    .   a - +0 shield
rNeg     . . .     Faith    +   u - +0 ring mail
rPois    .         Spirit   .   (no helmet)
rElec    .         Reflect  .   z - scarf {cloud immunity}
rCorr    .         Harm     .   (no gloves)
MR       .....                  (no boots)
Stlth    ++........             x - amulet of faith
HPRegen  0.17/turn              t - +2 ring of strength
MPRegen  0.11/turn              (no ring)

@: no status effects
A: distributed training, fangs 1, strong nose
a: no special abilities


You were on level 4 of the Dungeon.
You were not hungry.

You visited 1 branch of the dungeon, and saw 4 of its levels.

You collected 148 gold pieces.

Inventory:

Hand Weapons
 c - a +1 dagger of protection
 d - a +1 club
 r - a +0 spear (weapon)
Missiles
 e - 20 bolts
 g - 89 stones (quivered)
 m - 4 needles of confusion
 n - 24 poisoned needles
Armour
 a - a +0 shield (worn)
 u - a +0 ring mail (worn)
 z - a scarf of cloud immunity (worn)
Jewellery
 t - a +2 ring of strength (left hand)
 x - an amulet of faith (around neck)
Scrolls
 h - a scroll of teleportation
 l - a scroll of enchant armour {unknown}
 p - a scroll of fear
 q - 2 scrolls of identify
 v - 2 scrolls of remove curse
 y - a scroll of blinking {unknown}
Potions
 b - 2 potions of lignification
 i - 2 potions of flight
 j - a potion of brilliance {unknown}
 k - a potion of magic
 w - a potion of degeneration {unknown}
 A - a potion of experience {unknown}
Comestibles
 f - 7 rations
 s - a chunk of flesh


   Skills:
 + Level 6.8 Fighting
 + Level 3.3 Short Blades
 + Level 2.0 Long Blades
 + Level 2.0 Axes
 + Level 2.0 Maces & Flails
 + Level 2.0 Polearms
 + Level 2.0 Staves
 + Level 2.0 Slings
 + Level 2.0 Bows
 + Level 2.0 Crossbows
 + Level 2.0 Throwing
 + Level 2.0 Armour
 + Level 5.0 Dodging
 + Level 3.1 Stealth
 + Level 5.0 Shields
 + Level 3.3 Unarmed Combat
 + Level 2.0 Spellcasting
 + Level 1.6 Conjurations
 + Level 1.6 Hexes
 + Level 1.6 Charms
 + Level 1.6 Summonings
 + Level 1.6 Necromancy
 + Level 1.6 Translocations
 + Level 1.6 Transmutations
 + Level 1.6 Fire Magic
 + Level 1.6 Ice Magic
 + Level 1.6 Air Magic
 + Level 1.6 Earth Magic
 + Level 1.6 Poison Magic
 + Level 2.2 Invocations
 + Level 2.0 Evocations


You had 9 spell levels left.
You didn't know any spells.
Your spell library was empty.

Dungeon Overview and Level Annotations

Branches:
Dungeon (4/15)
 Temple: D:4-7

Altars:
Makhleb
Nemelex Xobeh
Qazlal
Ru
Yredelemnul

Annotations:
D:4 Pikel


Innate Abilities, Weirdness & Mutations

Your experience applies equally to all skills.
You have very sharp teeth.
Your uncanny sense of smell can sniff out nearby items.


Message History

The slave hits you but does no damage. The slave closely misses you.
You barely miss Pikel. You bite Pikel, but do no damage.
Pikel is moderately wounded.
The slave barely misses you. Pikel hits you but does no damage.
The slave barely misses you. You block the slave's attack.
You hit Pikel but do no damage.
Pikel is moderately wounded.
You block the slave's attack. Pikel closely misses you.
The slave hits you but does no damage. The slave hits you. The slave hits you!
It was a potion of cancellation.
You feel magically purged.
Pikel hits you with a +2 whip of flaming!
* * * LOW HITPOINT WARNING * * *
Pikel burns you.
* * * LOW HITPOINT WARNING * * *
The slave hits you.
* * * LOW HITPOINT WARNING * * *
The slave hits you but does no damage. x2
It was a potion of magic.
Magic courses through your body.
Pikel hits you with a +2 whip of flaming!
You die...

.......#..# #......... #..
#........# #p.###)%......# .
#...#.#..##...# /###(
........#..l.##.#... ∆
.........pKp......... #.
#........p@.......... .
#.#............#..... ###.
#.<............#..... #...
#...................
....^#......[.........####.
#..#.....................
.###............##.......##.
.......).....#..##.#........
...................#.......#


You could see Pikel, 3 slaves and an iguana.

Vanquished Creatures
  A slave (D:4)
  An ogre (D:4)
  An orc priest (D:4)
  An orc wizard (D:3)
  Natasha (thrice) (D:3)
  6 adders
  An ooze (D:4)
  A worm (D:2)
  A dart slug (D:2)
  A leopard gecko (D:1)
  9 orcs
  4 giant cockroaches
  5 goblins
  10 hobgoblins
  6 jackals (D:2)
  8 kobolds
  2 quokkas
  A ball python (D:3)
  7 bats
  4 frilled lizards
  5 rats
78 creatures vanquished.

Notes
Turn   | Place    | Note
-------+----------+-------------------------------------------
     0 | D:1      | Chiseanne the Gnoll Wanderer began the quest for the Orb.
     0 | D:1      | Chiseanne set off with the following items: a +0 shield, 2
                  | potions of lignification, a +0 robe, a +0 club, a ration
     0 | D:1      | Reached XP level 1. HP: 23/23 MP: 1/1
   476 | D:1      | Reached XP level 2. HP: 29/29 MP: 2/2
   886 | D:2      | Reached XP level 3. HP: 23/35 MP: 3/3
  1125 | D:2      | Reached skill level 1 in Invocations
  1596 | D:2      | Reached skill level 1 in Long Blades
  1596 | D:2      | Reached skill level 1 in Axes
  1596 | D:2      | Reached skill level 1 in Maces & Flails
  1596 | D:2      | Reached skill level 1 in Polearms
  1596 | D:2      | Reached skill level 1 in Staves
  1596 | D:2      | Reached skill level 1 in Slings
  1596 | D:2      | Reached skill level 1 in Bows
  1596 | D:2      | Reached skill level 1 in Crossbows
  1596 | D:2      | Reached skill level 1 in Throwing
  1596 | D:2      | Reached skill level 1 in Armour
  1596 | D:2      | Reached skill level 1 in Spellcasting
  1596 | D:2      | Reached skill level 1 in Evocations
  1708 | D:2      | Reached XP level 4. HP: 41/41 MP: 5/5
  2523 | D:2      | Found a sacrificial altar of Ru.
  2523 | D:2      | Found a basalt altar of Yredelemnul.
  2528 | D:2      | Found a burning altar of Makhleb.
  2530 | D:2      | Found a stormy altar of Qazlal.
  2531 | D:2      | Found a sparkling altar of Nemelex Xobeh.
  2693 | D:3      | Reached skill level 1 in Conjurations
  2693 | D:3      | Reached skill level 1 in Hexes
  2693 | D:3      | Reached skill level 1 in Charms
  2693 | D:3      | Reached skill level 1 in Summonings
  2693 | D:3      | Reached skill level 1 in Necromancy
  2693 | D:3      | Reached skill level 1 in Translocations
  2693 | D:3      | Reached skill level 1 in Transmutations
  2693 | D:3      | Reached skill level 1 in Fire Magic
  2693 | D:3      | Reached skill level 1 in Ice Magic
  2693 | D:3      | Reached skill level 1 in Air Magic
  2693 | D:3      | Reached skill level 1 in Earth Magic
  2693 | D:3      | Reached skill level 1 in Poison Magic
  2805 | D:3      | Noticed Natasha
  2810 | D:3      | Killed Natasha
  2810 | D:3      | Reached XP level 5. HP: 45/47 MP: 6/6
  2954 | D:3      | Noticed Natasha
  2960 | D:3      | Killed Natasha
  3046 | D:3      | Noticed Natasha
  3052 | D:3      | Killed Natasha
  3378 | D:3      | Reached XP level 6. HP: 45/53 MP: 8/8
  3438 | D:4      | Noticed a slave
  3456 | D:4      | Reached skill level 5 in Dodging
  3456 | D:4      | Reached skill level 5 in Shields
  3778 | D:4      | Noticed a slave
  3778 | D:4      | Noticed a slave
  3800 | D:4      | Killed a slave
  3812 | D:4      | Noticed Pikel
  3816 | D:4      | Noticed a slave
  3828 | D:4      | Slain by Pikel

Skill      XL: |  1  2  3  4  5  6 |
---------------+-------------------+-----
Invocations    | 1 2 |  2.2
Long Blades    | 1 2 |  2.0
Axes           | 1 2 |  2.0
Maces & Flails | 1 2 |  2.0
Polearms       | 1 2 |  2.0
Staves         | 1 2 |  2.0
Slings         | 1 2 |  2.0
Bows           | 1 2 |  2.0
Crossbows      | 1 2 |  2.0
Throwing       | 1 2 |  2.0
Armour         | 1 2 |  2.0
Spellcasting   | 1 2 |  2.0
Evocations     | 1 2 |  2.0
Conjurations   | 1 |  1.6
Hexes          | 1 |  1.6
Charms         | 1 |  1.6
Summonings     | 1 |  1.6
Necromancy     | 1 |  1.6
Translocations | 1 |  1.6
Transmutations | 1 |  1.6
Fire Magic     | 1 |  1.6
Ice Magic      | 1 |  1.6
Air Magic      | 1 |  1.6
Earth Magic    | 1 |  1.6
Poison Magic   | 1 |  1.6
Short Blades   | 3 |  3.3
Unarmed Combat | 3 |  3.3
Dodging        | 5 |  5.0
Stealth        | 3 |  3.1
Shields        | 5 |  5.0
Fighting       | |  6.8

Action                   |  1- 3 |  4- 6 || total
-------------------------+-------+-------++-------
Melee: Club              |    63 |       ||    63
       Bite              |    14 |    31 ||    45
       Spear             |   125 |   254 ||   379
  Use: Scroll            |       |     8 ||     8
       Potion            |       |     2 ||     2
 Stab: Sleeping          |     3 |     2 ||     5
  Eat: Chunk             |     3 |     7 ||    10
Armor: Robe              |    22 |       ||    22
       Ring mail         |       |    66 ||    66
Dodge: Dodged            |   103 |    96 ||   199
Block: Shield            |   108 |   133 ||   241
